 Dungeon Crawl Stone Soup version 0.30.1-11-g7821555f0a (webtiles) character file.

Game seed: 7017625621179076419

5 comborobin the Sneak (level 1, -1/20 HPs)
             Began as a Hill Orc Delver on Jan 2, 2024.
             Slain by Sigmund
             ... wielding a +1 scythe of flaming
              (7 damage)
             ... on level 3 of the Dungeon.
             The game lasted 00:00:29 (166 turns).

comborobin the Sneak (Hill Orc Delver)               Turns: 166, Time: 00:00:29

Health: -1/20      AC:  3    Str: 14    XL:     1   Next: 80%
Magic:  1/1        EV: 11    Int: 10    God:
Gold:   20         SH:  0    Dex: 12    Spells: 0/0 levels left

rFire   . . .        a - +0 hand axe
rCold   . . .        (no shield)
rNeg    . . .        b - +0 leather armour
rPois   .            (no helmet)
rElec   .            (no cloak)
rCorr   .            (no gloves)
SInv    .            (no boots)
Will    .....        (no amulet)
Stlth   ++           (no ring)
HPRegen 0.23/turn    (no ring)
MPRegen 0.07/turn

%: no passive effects
@: hasted, very quick
A: no striking features
a: no special abilities


You were on level 3 of the Dungeon.
You visited 1 branch of the dungeon, and saw 3 of its levels.

You collected 20 gold pieces.

Inventory:

Hand Weapons
 a - a +0 hand axe (weapon)
Armour
 b - a +0 leather armour (worn)
Wands
 g - a wand of digging (3)
Scrolls
 c - a scroll of fog
 d - a scroll of teleportation {unknown}
 h - a scroll of acquirement {unknown}


   Skills:
 - Level 3.7 Fighting
 + Level 2.9 Axes
 - Level 1.7 Dodging
 - Level 4.1 Stealth


You couldn't memorise any spells.
You didn't know any spells.
Your spell library was empty.

Dungeon Overview and Level Annotations

Branches:
Dungeon (5/15)
 Temple: D:4-7

Altars:

Annotations:
D:3 Sigmund


Message History

No target in view!
No target in view!
No target in view!
No target in view!
No target in view!
No target in view!
You now have 10 gold pieces.
You see here a ball python corpse.
d - a scroll labelled LAWOITH XIAFEO You see here a ball python corpse.
You now have 20 gold pieces (gained 10).
A gnoll comes into view. It is wielding a +2 whip of freezing.
A gnoll is nearby!
A gnoll comes into view. It is wielding a +0 whip.
Okay, then.
Found a blue potion.
Found two robes.
i - a blue potion Sigmund the Dreaded comes into view.
He is wielding a +1 scythe of flaming and wearing a +1 robe of willpower.
Sigmund shouts!
Sigmund points at you and mumbles some strange words.
The puff of flame misses you.
Sigmund is nearby!
Sigmund is nearby!
It was a potion of curing.
You feel better.
You feel yourself speed up.
Okay, then.
Okay, then.
As you read the scroll of fear, it crumbles to dust.
You assume a fearsome visage.
Sigmund looks frightened!
Sigmund mumbles some strange words.
Sigmund flickers and vanishes!
Deactivating autopickup; reactivate with Ctrl-A.
You closely miss something. You hit something. Something hits you.
Something burns you.
You hit something. Something hits you! Something burns you.
* * * LOW HITPOINT WARNING * * *
You hit something but do no damage. You hit something but do no damage.
Something hits you!
You die...

#..............g..
#.................
#.................
#.................
#.................
#.................
#.................
#.................
#@................
#.................
########.................
#..[.....................
#.........##########....#
#..............# #.....
#..[...........# #....#
#########......# ####..
######## #.#


There were no monsters in sight!

Vanquished Creatures
  A worm (D:3)
  A ball python (D:3)
  A rat (D:3)
3 creatures vanquished.

Notes
Turn   | Place    | Note
-------+----------+-------------------------------------------
     0 | D:5      | comborobin the Hill Orc Delver began the quest for the Orb.
     0 | D:5      | Reached XP level 1. HP: 19/19 MP: 1/1
    20 | D:4      | Noticed a scorpion
   147 | D:3      | Noticed Sigmund
   166 | D:3      | Slain by Sigmund

Illustrated notes

Levels and vault maps discovered:
D:3:      layout_basic, amcnicky_altar_gilded, uniq_sigmund
D:4:      layout_loops_ring, nicolae_wu_jian_glorious_leap,
          kennysheep_mini_moat, uniq_natasha
D:5:      layout_loops_corners, ashenzari_conservatory_becter,
          overflow_temple_1_default, serial_glass, glass_columns_b,
          glass_columns_b, uniq_blork_the_orc

Action                     || total
---------------------------++-------
  Melee: Hand axe          ||    11
    Use: Scroll            ||     2
         Potion            ||     2
   Stab: Sleeping          ||     1
 Armour: Leather armour    ||     1
  Dodge: Dodged            ||     1
